 Dungeon Crawl Stone Soup version 0.27.0-1-g7a089689b8 (webtiles) character file.

Game seed: 13230885739416195179

186 Crazydiamond the Insei (level 5, 0/31 (33) HPs)
             Began as an Octopode Transmuter on Aug 16, 2021.
             Slain by an adder (3 damage)
             ... on level 4 of the Dungeon.
             The game lasted 00:07:41 (3018 turns).

Crazydiamond the Insei (Octopode Transmuter)        Turns: 3018, Time: 00:07:42

HP:   0/31 (33)     AC:  1    Str: 10    XL:     5   Next: 66%
MP:   0/8           EV: 13    Int: 16    God:
Gold: 0             SH:  0    Dex: 12    Spells: 3/9 levels left

rFire    . . .     SeeInvis +     - Unarmed
rCold    . . .     Faith    .   (no shield)
rNeg     . . .     Spirit   +   (helmet restricted)
rPois    .         Reflect  .   d - amulet of guardian spirit
rElec    .         Harm     .   b - ring of willpower
rCorr    .         Rampage  .   k - ring of see invisible
Will     +....                  (no ring)
Stlth    ++++......             (no ring)
HPRegen  0.10/turn              (no ring)
MPRegen  0.11/turn              (no ring)
                                (no ring)
                                (no ring)

@: drained
A: almost no armour, amphibious, 8 rings, camouflage 1, gelatinous body 1,
nimble swimmer 1, tentacles
a: no special abilities


You were on level 4 of the Dungeon.
You visited 1 branch of the dungeon, and saw 4 of its levels.

You collected 187 gold pieces.
You spent 187 gold pieces at shops.

Inventory:

Jewellery
 b - a ring of willpower (left tentacle)
 d - an amulet of guardian spirit (around mantle)
 k - a ring of see invisible (right tentacle)
Scrolls
 a - a scroll of identify
 c - a scroll of acquirement {unknown}
 e - a scroll of blinking
 g - a scroll of teleportation {unknown}
 i - a scroll of amnesia {unknown}
 o - a scroll of fear {unknown}
Potions
 f - a potion of invisibility
 h - a potion of curing
 j - 2 potions of haste {unknown}
 l - a potion of might
 m - a potion of resistance
 n - a potion of berserk rage {unknown}
 p - a potion of heal wounds {unknown}


   Skills:
 + Level 1.2 Fighting
 + Level 2.4 Dodging
 + Level 2.6 Stealth
 + Level 4.8 Unarmed Combat
 + Level 2.5 Spellcasting
 + Level 2.5 Transmutations
 + Level 0.3 Poison Magic


You had 3 spell levels left.
You knew the following spells:

 Your Spells              Type           Power      Damage    Failure   Level
a - Beastly Appendage     Tmut           20%        N/A       7%          1
b - Wereblood             Tmut           10%        N/A       11%         2
c - Spider Form           Tmut/Pois      3%         N/A       32%         3

Your spell library contained the following spells:

 Spells                   Type           Power      Damage    Failure   Level
 Blink                    Tloc           N/A        N/A       30%         2
 Ice Form                 Ice/Tmut       6%         N/A       75%         4
 Manifold Assault         Tloc           2%         N/A       99%         5
 Storm Form               Tmut/Air       3%         N/A       100%        7


Dungeon Overview and Level Annotations

Branches:
Dungeon (4/15)             Temple (0/1) D:4

Altars:
Ru

Shops:
D:2 (!


Innate Abilities, Weirdness & Mutations

You cannot wear most types of armour.
You are amphibious.
You can wear up to eight rings at the same time.
Your skin changes colour to match your surroundings (Stealth+).
Your rubbery body absorbs attacks. (AC +1, EV +1)
You are camouflaged near water. (Stealth+)
You have tentacles for arms and can constrict up to eight enemies at once.


Message History

The necrophage is moderately damaged.
The adder closely misses you. The necrophage hits you.
You barely miss the necrophage.
The necrophage is moderately damaged.
The adder bites you.
You hit the necrophage.
The necrophage is moderately damaged.
The necrophage hits you but does no damage.
The adder bites you but does no damage.
You hit the necrophage.
The necrophage is heavily damaged.
The adder barely misses you. The necrophage completely misses you.
You hit the necrophage.
The necrophage is severely damaged.
The adder bites you.
You are poisoned.
The adder poisons you! The necrophage completely misses you.
The adder bites you.
You are lethally poisoned!
The adder poisons you!
You hit the necrophage but do no damage.
The necrophage is severely damaged.
You feel very sick. The necrophage completely misses you. The adder bites you.
You are more poisoned.
The adder poisons you!
You barely miss the necrophage.
The necrophage is severely damaged.
Your transformation has ended.
* * * LOW HITPOINT WARNING * * *
You feel very sick. The adder closely misses you.
The necrophage completely misses you.
* * * LOW HITPOINT WARNING * * *
You feel very sick. The adder closely misses you.
You feel better. The necrophage hits you!
* * * LOW HITPOINT WARNING * * *
You feel drained. The adder barely misses you. The adder bites you.
You die...

#+########+#......#
.... #.)....# ....
#......# . ...
#......+ ..
#..#......# ...
..##..#......#..
................
+##.♣♣♣.....♣♣♣. .
♣≈≈≈≈≈≈@≈≈♣
....♣≈♣..nS.♣≈♣..
#..≈.......≈...
#..≈.).....≈....
#..≈...>...≈..>..
#..≈.......≈..###
....≈.......≈....
....♣≈♣.....♣≈♣...
###.♣≈≈≈≈≈≈≈≈≈♣.#


You could see a necrophage and an adder.

Vanquished Creatures
  A sky beast (D:4)
  A gnoll (D:1)
  3 adders (D:3)
  A worm (D:3)
  2 dart slugs
  3 bats (D:2)
  5 endoplasms
  A giant cockroach (D:1)
  3 goblins (D:3)
  2 hobgoblins
  8 jackals
  2 quokkas
  4 ball pythons
  4 frilled lizards
  11 kobolds
  5 rats
  A bush (D:1)
57 creatures vanquished.

Vanquished Creatures (others)
  10 plants (D:1)
10 creatures vanquished.

Grand Total: 67 creatures vanquished

Notes
Turn   | Place    | Note
-------+----------+-------------------------------------------
     0 | D:1      | Crazydiamond the Octopode Transmuter began the quest for
                  | the Orb.
     0 | D:1      | Reached XP level 1. HP: 13/13 MP: 3/3
   173 | D:1      | Reached XP level 2. HP: 10/18 MP: 3/5
   837 | D:1      | Reached XP level 3. HP: 23/23 MP: 6/6
  1630 | D:2      | Learned a level 2 spell: Wereblood
  1634 | D:2      | Learned a level 3 spell: Spider Form
  1639 | D:2      | Found Hilaa's Book Shoppe.
  1686 | D:2      | Found a sacrificial altar of Ru.
  1709 | D:2      | Reached skill level 1 in Stealth
  1767 | D:2      | Found Dueheup's Jewellery Shop.
  1780 | D:2      | Found Astroec's Weapon Shoppe.
  1904 | D:2      | Reached skill level 4 in Unarmed Combat
  1963 | D:2      | Found a faded altar of an unknown god.
  1967 | D:2      | Found Miuti's Distillery.
  1982 | D:2      | Bought a potion of might for 44 gold pieces
  1982 | D:2      | Bought a potion of curing for 33 gold pieces
  1982 | D:2      | Bought a potion of resistance for 110 gold pieces
  2148 | D:3      | Reached XP level 4. HP: 12/28 MP: 2/7
  2962 | D:4      | Noticed a sky beast
  2972 | D:4      | Killed a sky beast
  2973 | D:4      | Reached XP level 5. HP: 33/33 MP: 4/8
  2991 | D:4      | Found a staircase to the Ecumenical Temple.
  2996 | D:4      | Noticed a necrophage
  3018 | D:4      | Slain by an adder

Illustrated notes

Levels and vault maps discovered:
D:1:      amcnicky_arrival_double_pillar, layout_loops_ring,
          grunt_decor_mini_mirrors, chequers_serial_rivers_small_b,
          lexackson_kobold_supper
D:2:      layout_rooms, basic_altar, serial_shops, shop_coins, shop_coins,
          nicolae_diamond_shop, shop, shapermc_ecumenical_altar_venn
D:3:      layout_rooms
D:4:      layout_gridville, grunt_nemelex_the_gamble,
          mainiacjoe_overflow_catch_the_wave, kennysheep_mini,
          minmay_temple_entry_water_ring, enter_ossuary_3, serial_shops, shop

Skill      XL: |  1  2  3  4 |
---------------+-------------+-----
Stealth        | 1 2 |  2.6
Unarmed Combat | 4 |  4.8
Fighting       | |  1.2
Dodging        | |  2.4
Spellcasting   | |  2.5
Transmutations | |  2.5
Poison Magic   | |  0.3

Action                   |  1- 3 |  4- 6 || total
-------------------------+-------+-------++-------
Melee: Unarmed           |   180 |    48 ||   228
       Constrict         |    20 |     6 ||    26
       Tentacles         |    41 |     2 ||    43
       Kick              |     7 |     2 ||     9
       Punch             |     4 |       ||     4
 Cast: Beastly Appendage |     6 |     1 ||     7
       Wereblood         |     1 |       ||     1
       Spider Form       |       |     4 ||     4
  Use: Scroll            |     2 |       ||     2
       Potion            |       |     1 ||     1
 Stab: Sleeping          |    11 |     1 ||    12
Armor: Skin              |    10 |     6 ||    16
Dodge: Dodged            |    61 |    29 ||    90
